 Dungeon Crawl Stone Soup version 0.29.1-1-gd02db6906a (webtiles) character file.

Game seed: 10956700569318712298

77 MisterFreud the Conjurer (level 4, -2/27 HPs)
             Began as an Octopode Conjurer on Oct 11, 2022.
             Killed by nerve-wracking pain
             ... invoked by Grinder
              (12 damage)
             ... on level 3 of the Dungeon.
             The game lasted 00:02:53 (2401 turns).

MisterFreud the Conjurer (Octopode Conjurer)        Turns: 2401, Time: 00:02:54

Health: -2/27      AC:  8    Str:  6    XL:     4   Next: 33%
Magic:  8/8        EV: 17    Int: 22    God:
Gold:   88         SH:  0    Dex: 10    Spells: 6/9 levels left

rFire   . . .      SeeInvis .   j - +0 dagger (protect)
rCold   . . .      Faith    .   (no shield)
rNeg    . . .      Spirit   .   (helmet restricted)
rPois   .          Reflect  .   (no amulet)
rElec   .          Harm     .   h - +4 ring of evasion
rCorr   .          Rampage  .   (no ring)
Will    .....                   (no ring)
Stlth   +++.......              (no ring)
HPRegen 0.09/turn               (no ring)
MPRegen 0.11/turn               (no ring)
                                (no ring)
                                (no ring)

@: under a protective aura
A: almost no armour, amphibious, 8 rings, camouflage 1, gelatinous body 1,
(nimble swimmer 1), tentacles
a: no special abilities


You were on level 3 of the Dungeon.
You visited 1 branch of the dungeon, and saw 3 of its levels.

You collected 124 gold pieces.
You spent 36 gold pieces at shops.

Inventory:

Hand Weapons
 f - a +0 dagger
 j - a +0 dagger of protection (weapon)
 s - the +6 sling of Resourcefulness {flame, rN+ Int+4}
   (You found it on level 2 of the Dungeon)

   Any ammunition fired from it burns those it strikes, dealing additional fire
   damage.
   Int:       It affects your intelligence (+4).
   rN:        It protects you from negative energy.
Missiles
 m - 2 poisoned darts
Jewellery
 h - a +4 ring of evasion (left tentacle)
Scrolls
 c - a scroll of teleportation
 t - a scroll of enchant weapon {unknown}
 v - a scroll of summoning {unknown}
 w - 2 scrolls of poison {unknown}
Potions
 a - a potion of magic
 b - a potion of ambrosia
 e - 2 potions of curing
 g - a potion of invisibility {unknown}
 i - 2 potions of lignification {unknown}
 k - a potion of flight {unknown}
 n - 2 potions of berserk rage
 o - 2 potions of heal wounds {unknown}
 p - a potion of might {unknown}
 r - a potion of degeneration
 u - a potion of brilliance {unknown}


   Skills:
 + Level 1.0 Short Blades
 - Level 0.8 Ranged Weapons
 - Level 2.0 Dodging
 - Level 2.6 Stealth
 + Level 3.0 Spellcasting
 + Level 4.7 Conjurations


You had 6 spell levels left.
You knew the following spells:

 Your Spells              Type           Power      Damage    Failure   Level
a - Magic Dart            Conj           96%        1d7       1%          1
b - Searing Ray           Conj           48%        2d6       2%          2

Your spell library contained the following spells:

 Spells                   Type           Power      Damage    Failure   Level
 Sandblast                Erth           6%         2d5       12%         1
 Dazzling Flash           Conj/Hex       26%        N/A       14%         3
 Stone Arrow              Conj/Erth      26%        3d8       14%         3
 Blink                    Tloc           6%         N/A       19%         2
 Passwall                 Tmut/Erth      2%         N/A       19%         2
 Lesser Beckoning         Tloc           3%         N/A       36%         3
 Fulminant Prism          Conj/Hex       6%         3d7       43%         4
 Iskenderun's Mystic Bla  Conj/Tloc      13%        2d5       43%         4
 Manifold Assault         Tloc           3%         N/A       98%         5


Dungeon Overview and Level Annotations

Branches:
Dungeon (3/15)

Altars:

Shops:
D:2 !

Annotations:
D:3 Grinder


Innate Abilities, Weirdness & Mutations

You cannot wear most types of armour.
You are amphibious.
You can wear up to eight rings at the same time.
Your skin changes colour to match your surroundings (Stealth+).
Your rubbery body absorbs attacks. (AC +1, EV +1)
((You are camouflaged when in or above water. (Stealth+)))
You have tentacles for arms and can constrict up to eight enemies at once.


Message History

Found a murky blue potion.
The helpless Grinder fails to defend herself.
You hit Grinder.
Your weapon exudes an aura of protection.
You grab Grinder.
Grinder is lightly wounded.
You constrict Grinder, but do no damage.
You hit Grinder but do no damage. Your squeeze misses Grinder.
Grinder is lightly wounded.
You constrict Grinder, but do no damage.
Grinder hits you!
You writhe in agony.
You hit Grinder. Your squeeze misses Grinder.
Grinder is moderately wounded.
You constrict Grinder. Grinder hits you but does no damage.
You hit Grinder but do no damage.
Grinder is moderately wounded.
You constrict Grinder. Grinder hits you but does no damage.
You hit Grinder but do no damage.
Grinder is moderately wounded.
You constrict Grinder. Grinder closely misses you.
You hit Grinder but do no damage.
Grinder is moderately wounded.
You constrict Grinder. Grinder barely misses you.
You hit Grinder but do no damage.
Grinder is moderately wounded.
You constrict Grinder. Grinder closely misses you.
You hit Grinder but do no damage.
Grinder is heavily wounded.
You constrict Grinder. Grinder completely misses you.
You completely miss Grinder. Your squeeze misses Grinder.
Grinder is heavily wounded.
You constrict Grinder, but do no damage.
Grinder gestures at you. Pain shoots through your body!
You hit Grinder but do no damage.
Grinder is heavily wounded.
You constrict Grinder. Grinder gestures at you. Pain shoots through your body!
You die...

#. ####.#
....# ..$. ..#
#.#
#.###########
#...........#
#@#########.#
.......5.!...#
#.#
#####.#.####.#
#.# #.#.#
#.### . #.#
#...# ## #.#
###.# #.# #.#
..# #.# #.#


You could see Grinder.

Vanquished Creatures
  An iguana (D:2)
  A worm (D:2)
  3 dart slugs
  2 endoplasms (D:1)
  A giant cockroach (D:1)
  6 goblins
  5 hobgoblins
  2 jackals (D:2)
  A quokka (D:1)
  4 ball pythons
  3 bats
  2 frilled lizards
  5 kobolds
  5 rats
41 creatures vanquished.

Notes
Turn   | Place    | Note
-------+----------+-------------------------------------------
     0 | D:1      | MisterFreud the Octopode Conjurer began the quest for the
                  | Orb.
     0 | D:1      | Reached XP level 1. HP: 11/11 MP: 3/3
   403 | D:1      | Reached XP level 2. HP: 17/17 MP: 0/5
   542 | D:1      | Found a faded altar of an unknown god.
  1055 | D:1      | Reached XP level 3. HP: 21/21 MP: 4/6
  1358 | D:2      | Learned a level 2 spell: Searing Ray
  1479 | D:2      | Identified the +6 sling of Resourcefulness {flame, rN+
                  | Int+4}
  1569 | D:2      | Found Suq Dut's Distillery.
  1578 | D:2      | Bought a potion of curing for 36 gold pieces
  1759 | D:2      | Reached XP level 4. HP: 27/27 MP: 0/8
  1887 | D:2      | Reached skill level 1 in Short Blades
  2390 | D:3      | Noticed Grinder
  2401 | D:3      | Killed from afar by Grinder

Illustrated notes

Levels and vault maps discovered:
D:1:      dpeg_arrival_rhombus, layout_basic,
          dreamdust_ecumenical_altar_hidden_monk_grotto
D:2:      layout_rooms, serial_shops, shop, st_stairs_12, minmay_bisected
D:3:      layout_loops_ring, minmay_misc_feat_enclosed, uniq_grinder,
          uniq_sigmund, uniq_jessica

Skill      XL: |  1  2  3  4 |
---------------+-------------+-----
Short Blades   | 1 |  1.0
Spellcasting   | 3 |  3.0
Ranged Weapons | |  0.8
Dodging        | |  2.0
Stealth        | |  2.6
Conjurations   | |  4.7

Action                   |  1- 3 |  4- 6 || total
-------------------------+-------+-------++-------
Melee: Unarmed           |     5 |       ||     5
       Tentacles         |     7 |     1 ||     8
       Dagger            |    22 |    13 ||    35
       Constrict         |     4 |     2 ||     6
 Cast: Magic Dart        |    49 |    20 ||    69
  Use: Scroll            |       |     6 ||     6
 Stab: Sleeping          |     1 |     1 ||     2
Armor: Skin              |     1 |     2 ||     3
Dodge: Dodged            |    18 |     5 ||    23
